 Dungeon Crawl Stone Soup version 0.28.0 (webtiles) character file.

Game seed: 9471534502902174120

12795 HallandMoats the Blocker (level 11, -3/89 HPs)
             Began as a Gnoll Fighter on Feb 7, 2022.
             Was the Champion of Jiyva.
             Slain by a red ugly thing (17 damage)
             ... on level 11 of the Dungeon.
             The game lasted 00:10:59 (7563 turns).

HallandMoats the Blocker (Gnoll Fighter)            Turns: 7563, Time: 00:11:00

Health: -3/89      AC: 16    Str: 22    XL:     11   Next: 98%
Magic:  21/21      EV: 12    Int: 17    God:    Jiyva [******]
Gold:   390        SH:  6    Dex: 12    Spells: 23/23 levels left

rFire   . . .      SeeInvis .   b - +5 mace of the Jolly Hosts {vorpal, rN+ Int+6}
rCold   . . .      Faith    .   c - +0 buckler
rNeg    + . .      Spirit   .   m - +0 scale mail
rPois   .          Reflect  .   (no helmet)
rElec   .          Harm     .   l - +0 cloak
rCorr   +          Rampage  .   d - +2 pair of gloves
Will    .....                   (no boots)
Stlth   ++++......              v - amulet of the acrobat
HPRegen 1.84/turn               s - ring of wizardry
MPRegen 0.67/turn               (no ring)

@: no status effects
A: fangs 1, strong nose, distributed training, iridescent scales 3, camouflage
2, clever 2, strong 1, acidic bite, eyeballs 1, pseudopods 3, engulf
a: Renounce Religion, Oozemancy, Slimify


You were on level 11 of the Dungeon.
You worshipped Jiyva.
Jiyva was exalted by your worship.
You visited 1 branch of the dungeon, and saw 11 of its levels.

You collected 390 gold pieces.

Inventory:

Hand Weapons
 a - the +6 war axe "Etin Pox" {elec, Int+3}
   (You took it off an orc priest on level 7 of the Dungeon)

   It occasionally discharges a powerful burst of electricity upon striking a
   foe.
   Int:       It affects your intelligence (+3).
 b - the +5 mace of the Jolly Hosts (weapon) {vorpal, rN+ Int+6}
   (You found it on level 2 of the Dungeon)

   It inflicts extra damage upon your enemies.
   Int:       It affects your intelligence (+6).
   rN:        It protects you from negative energy.
Missiles
 B - 5 throwing nets (quivered)
Armour
 c - a +0 buckler (worn)
 d - a +2 pair of gloves (worn)
 l - a +0 cloak (worn)
 m - a +0 scale mail (worn)
Jewellery
 s - a ring of wizardry (left hand)
 v - an amulet of the acrobat (around neck)
Wands
 j - a wand of flame (15)
 r - a wand of polymorph (5)
 z - a wand of charming (4)
 C - a wand of iceblast (6)
Scrolls
 k - 4 scrolls of identify {unknown}
 o - 2 scrolls of immolation {unknown}
 q - a scroll of torment {unknown}
 w - a scroll of enchant weapon {unknown}
 x - a scroll of blinking {unknown}
 A - a scroll of enchant armour {unknown}
 D - a scroll of fear {unknown}
 E - a scroll of holy word {unknown}
Potions
 e - a potion of flight {unknown}
 f - a potion of cancellation {unknown}
 g - a potion of lignification {unknown}
 h - 2 potions of invisibility {unknown}
 i - 3 potions of attraction {unknown}
 n - 3 potions of haste
 p - 2 potions of heal wounds {unknown}
 t - a potion of brilliance {unknown}
 u - 3 potions of curing {unknown}
Miscellaneous
 y - a box of beasts


   Skills:
 + Level 9.5 Fighting
 + Level 6.8 Short Blades
 + Level 6.8 Long Blades
 + Level 8.3 Axes
 + Level 6.8 Maces & Flails
 + Level 6.8 Polearms
 + Level 6.8 Staves
 + Level 6.8 Slings
 + Level 6.8 Bows
 + Level 6.8 Crossbows
 + Level 6.8 Throwing
 + Level 9.5 Armour
 + Level 6.8 Dodging
 + Level 6.8 Stealth
 + Level 9.5 Shields
 + Level 6.8 Unarmed Combat
 + Level 6.8 Spellcasting
 + Level 5.6 Conjurations
 + Level 5.6 Hexes
 + Level 5.6 Summonings
 + Level 5.6 Necromancy
 + Level 5.6 Translocations
 + Level 5.6 Transmutations
 + Level 5.6 Fire Magic
 + Level 5.6 Ice Magic
 + Level 5.6 Air Magic
 + Level 5.6 Earth Magic
 + Level 5.6 Poison Magic
 + Level 7.4 Invocations
 + Level 6.8 Evocations


You had 23 spell levels left.
You didn't know any spells.
Your spell library contained the following spells:

 Spells                   Type           Power      Damage    Failure   Level
 Static Discharge         Conj/Air       25%        N/A       1%          2
 Inner Flame              Hex/Fire       25%        N/A       4%          3
 Ozocubu's Armour         Ice            25%        N/A       4%          3
 Cause Fear               Hex            12%        N/A       13%         4
 Leda's Liquefaction      Hex/Erth       12%        N/A       13%         4
 Alistair's Intoxication  Tmut/Pois      16%        N/A       32%         5
 Borgnjor's Vile Clutch   Necr/Erth      12%        N/A       32%         5
 Lee's Rapid Deconstruct  Erth           12%        3d10*     32%         5
 Lightning Bolt           Conj/Air       12%        1d26      32%         5
 Summon Forest            Summ/Tloc      12%        N/A       32%         5
 Eringya's Noxious Bog    Tmut/Pois      12%        N/A       86%         6
 Statue Form              Tmut/Erth      16%        N/A       86%         6
 Ozocubu's Refrigeration  Ice            12%        4d7       100%        7
 Summon Hydra             Summ           12%        N/A       100%        7
 Discord                  Hex            12%        N/A       100%        8
 Maxwell's Capacitive Co  Air            12%        ∞         100%        8


Dungeon Overview and Level Annotations

Branches:
Dungeon (11/15)            Temple (0/1) D:7            Lair (0/6) D:8
    Orc (0/2) D:10

Altars:
Cheibriados
Fedhas
Trog
Jiyva

Shops:
D:6 :   D:9 [(:[

Annotations:
D:9 3 runed translucent doors, wat's ghost, novice MiBe


Innate Abilities, Weirdness & Mutations

You have very sharp teeth.
Your uncanny sense of smell can sniff out nearby items.
Your experience applies equally to all skills.
You are completely covered in iridescent scales. (AC +6)
Your skin blends seamlessly with your surroundings (Stealth++).
Your mind is very acute. (Int +4)
Your muscles are strong. (Str +2)
You have acidic saliva.
Your body has grown eyes which may confuse attackers. (Acc +3)
Armour fits poorly on your massive pseudopods.
Your melee attacks may engulf your foes in ooze.


Message History

You block the seven-headed hydra's attack.
The seven-headed hydra bites you.
The seven-headed hydra barely misses you.
The seven-headed hydra bites you. x2
You hit the seven-headed hydra.
You bite the seven-headed hydra, but do no damage.
The seven-headed hydra is heavily wounded.
The seven-headed hydra completely misses you.
The seven-headed hydra bites you but does no damage.
The seven-headed hydra bites you.
You block the seven-headed hydra's attack.
The seven-headed hydra bites you!
The seven-headed hydra bites you but does no damage. x2
You hit the seven-headed hydra.
Your bludgeon misses the seven-headed hydra.
The seven-headed hydra is heavily wounded.
The seven-headed hydra bites you.
The seven-headed hydra closely misses you.
The seven-headed hydra misses you.
The seven-headed hydra closely misses you.
The seven-headed hydra bites you but does no damage.
The seven-headed hydra bites you.
The seven-headed hydra completely misses you.
You sock the seven-headed hydra! You bludgeon the seven-headed hydra!
The seven-headed hydra is severely wounded.
You block the seven-headed hydra's attack.
The seven-headed hydra bites you! The seven-headed hydra bites you.
The seven-headed hydra bites you! The seven-headed hydra bites you. x2
* * * LOW HITPOINT WARNING * * *
The seven-headed hydra bites you!
* * * LOW HITPOINT WARNING * * *
You thump the seven-headed hydra!
You kill the seven-headed hydra!
Unknown command.
You sock the red ugly thing!
You engulf the red ugly thing in ooze!
The red ugly thing is lightly wounded.
The red ugly thing is asphyxiated!
The red ugly thing bites you.
* * * LOW HITPOINT WARNING * * *
You are engulfed in flames!
You die...

# # #.........#
##.#.#.######## #.........#
.....u.#......###########.#
.... #........... .........
.....###.###...## ########.
........u# .# #. ######..#
## #......####.# #
##.###..u@...# #
#...########## # #...# #
#...###### ##........
#...J.... #........
####........ #...........


You could see a red ugly thing (asphyxiating).

Vanquished Creatures
  Harold (D:10)
  2 hydras (D:11)
  A death yak (D:9)
  A two-headed ogre (D:10)
  Pikel (D:5)
  An oklob plant (D:6)
  A cyclops (D:11)
  Maurice (D:9)
  A kobold demonologist (D:9)
  A komodo dragon (D:8)
  A hornet (D:8)
  A wraith (D:10)
  A wyvern (D:11)
  25 yaks
  A steam dragon (D:9)
  4 wargs (D:10)
  Edmund (D:5)
  Duvessa (D:5)
  A water moccasin (D:6)
  3 orc warriors
  A sky beast (D:8)
  2 black bears (D:5)
  2 ice beasts
  A necrophage (D:7)
  An ogre (D:5)
  2 centaurs
  2 lemures (D:4)
  4 kobold brigands
  A gnoll sergeant (D:10)
  4 bullfrogs
  2 scorpions
  Dowan (D:5)
  5 killer bees (D:9)
  2 electric eels (D:9)
  2 centaur zombies
  3 howler monkeys
  An orc priest (D:7)
  Crazy Yiuf (D:2)
  2 gnoll shamans (D:6)
  Ijyb (D:5)
  2 iguanas (D:10)
  6 orc wizards
  Natasha (twice) (D:2)
  A howler monkey zombie (D:8)
  A howler monkey skeleton (D:6)
  2 adders (D:6)
  11 gnolls
  A shadow imp (D:7)
  A dart slug (D:4)
  23 orcs
  3 ball pythons
  A giant cockroach (D:1)
  8 hobgoblins
  6 quokkas
  12 bats
  A frilled lizard (D:2)
  5 goblins
  18 kobolds
  3 rats
197 creatures vanquished.

Vanquished Creatures (others)
  A yak (D:5)
  A centaur (D:8)
  16 jellies
  2 killer bees (D:9)
  A bullfrog skeleton (D:6)
  Natasha (D:2)
  An orc wizard (D:4)
  Robin (D:2)
  An adder skeleton (D:4)
  A worm (D:5)
  2 orcs (D:5)
  An endoplasm (D:2)
  3 giant cockroaches
  7 hobgoblins
  3 quokkas
  A ball python (D:2)
  A frilled lizard (D:3)
  7 goblins (D:2)
  8 kobolds
  A rat (D:2)
  40 fungi
  117 plants
  7 toadstools (D:6)
224 creatures vanquished.

Grand Total: 421 creatures vanquished

Notes
Turn   | Place    | Note
-------+----------+-------------------------------------------
     0 | D:1      | HallandMoats the Gnoll Fighter began the quest for the Orb.
     0 | D:1      | Reached XP level 1. HP: 23/23 MP: 1/1
   130 | D:1      | Reached XP level 2. HP: 24/29 MP: 2/2
   490 | D:1      | Found a faded altar of an unknown god.
   501 | D:1      | Prayed at the altar of an unknown god.
   501 | D:1      | Became a worshipper of Jiyva Jepuipim the Shapeless
   501 | D:1      | Reached * piety under Jiyva
   607 | D:2      | Noticed a scorpion
   614 | D:2      | Killed a scorpion
   615 | D:2      | Reached skill level 1 in Short Blades
   615 | D:2      | Reached skill level 1 in Long Blades
   615 | D:2      | Reached skill level 1 in Maces & Flails
   615 | D:2      | Reached skill level 1 in Polearms
   615 | D:2      | Reached skill level 1 in Staves
   615 | D:2      | Reached skill level 1 in Slings
   615 | D:2      | Reached skill level 1 in Bows
   615 | D:2      | Reached skill level 1 in Crossbows
   615 | D:2      | Reached skill level 1 in Throwing
   615 | D:2      | Reached skill level 1 in Dodging
   615 | D:2      | Reached skill level 1 in Stealth
   615 | D:2      | Reached skill level 1 in Unarmed Combat
   615 | D:2      | Reached skill level 1 in Spellcasting
   615 | D:2      | Reached skill level 1 in Invocations
   615 | D:2      | Reached skill level 1 in Evocations
   615 | D:2      | Reached XP level 3. HP: 12/35 MP: 2/4
   615 | D:2      | Reached XP level 4. HP: 15/41 MP: 2/5
   757 | D:2      | Noticed Natasha
   766 | D:2      | Killed Natasha
   767 | D:2      | Reached skill level 1 in Conjurations
   767 | D:2      | Reached skill level 1 in Hexes
   767 | D:2      | Reached skill level 1 in Summonings
   767 | D:2      | Reached skill level 1 in Necromancy
   767 | D:2      | Reached skill level 1 in Translocations
   767 | D:2      | Reached skill level 1 in Transmutations
   767 | D:2      | Reached skill level 1 in Fire Magic
   767 | D:2      | Reached skill level 1 in Ice Magic
   767 | D:2      | Reached skill level 1 in Air Magic
   767 | D:2      | Reached skill level 1 in Earth Magic
   767 | D:2      | Reached skill level 1 in Poison Magic
   871 | D:2      | Noticed Natasha
   893 | D:2      | Killed Robin
   898 | D:2      | Killed Natasha
   899 | D:2      | Reached XP level 5. HP: 40/47 MP: 5/7
   910 | D:2      | Killed Natasha
  1083 | D:2      | Reached ** piety under Jiyva
  1338 | D:2      | Found a runed translucent door.
  1339 | D:2      | Noticed Crazy Yiuf
  1475 | D:2      | Killed Crazy Yiuf
  1480 | D:2      | Identified the +5 mace of the Jolly Hosts {vorpal, rN+
                  | Int+6}
  1746 | D:3      | Reached *** piety under Jiyva
  1746 | D:3      | Gained mutation: Your melee attacks may engulf your foes in
                  | ooze. [Jiyva's grace]
  1746 | D:3      | Gained mutation: Armour fits poorly on your pseudopods.
                  | [Jiyva's grace]
  1746 | D:3      | Gained mutation: Armour fits poorly on your large
                  | pseudopods. [Jiyva's grace]
  1746 | D:3      | Gained mutation: Armour fits poorly on your massive
                  | pseudopods. [Jiyva's grace]
  2300 | D:4      | Reached **** piety under Jiyva
  2935 | D:5      | Entered Level 5 of the Dungeon
  2983 | D:5      | Noticed a lemure
  2987 | D:5      | Noticed a lemure
  3005 | D:4      | Killed a lemure
  3014 | D:4      | Killed a lemure
  3042 | D:5      | Noticed Pikel
  3043 | D:5      | Noticed a lemure
  3044 | D:5      | Noticed a lemure
  3049 | D:5      | Killed Pikel
  3050 | D:5      | Reached skill level 5 in Axes
  3050 | D:5      | Reached XP level 6. HP: 52/55 MP: 7/9
  3050 | D:5      | Reached XP level 7. HP: 57/60 MP: 7/10
  3149 | D:5      | Noticed Ijyb
  3151 | D:5      | Noticed Menkaure
  3154 | D:5      | Lost mutation: Armour fits poorly on your massive
                  | pseudopods. [potion of mutation]
  3154 | D:5      | Lost mutation: Your melee attacks may engulf your foes in
                  | ooze. [potion of mutation]
  3154 | D:5      | Gained mutation: You have a pair of small horns on your
                  | head. [potion of mutation]
  3154 | D:5      | Gained mutation: You possess an exceptional clarity of
                  | mind. [potion of mutation]
  3159 | D:5      | Killed Ijyb
  3160 | D:5      | Lost mutation: You possess an exceptional clarity of mind.
                  | [potion of mutation]
  3160 | D:5      | Lost mutation: You have a pair of small horns on your head.
                  | [potion of mutation]
  3160 | D:5      | Gained mutation: Your muscles are strong. (Str +2) [potion
                  | of mutation]
  3160 | D:5      | Gained mutation: You are dopey. (Int -2) [potion of
                  | mutation]
  3160 | D:5      | Gained mutation: Your movements are slightly less
                  | encumbered by armour. (ER -2) [potion of mutation]
  3163 | D:5      | Slimified Menkaure
  3163 | D:5      | Noticed Menkaure
  3163 | D:5      | Menkaure changed into Menkaure the endoplasm
  3246 | D:5      | Noticed Edmund
  3261 | D:5      | Killed Edmund
  3262 | D:5      | Reached XP level 8. HP: 60/67 MP: 12/12
  3267 | D:5      | Noticed Duvessa
  3276 | D:5      | Killed Duvessa
  3288 | D:5      | Noticed Dowan
  3303 | D:5      | Killed Dowan
  3504 | D:5      | Found a snail-covered altar of Cheibriados.
  3593 | D:5      | Noticed a yak
  3593 | D:5      | Noticed a yak
  3593 | D:5      | Noticed a yak
  3593 | D:5      | Noticed a yak
  3593 | D:5      | Noticed a yak
  3594 | D:5      | Noticed a yak
  3603 | D:5      | Killed a yak
  3606 | D:5      | Killed a yak
  3616 | D:5      | Killed a yak
  3623 | D:5      | Killed a yak
  3629 | D:5      | Killed a yak
  3630 | D:5      | Reached XP level 9. HP: 48/73 MP: 14/14
  3883 | D:6      | Lost mutation: Armour fits poorly on your large pseudopods.
                  | [Jiyva's grace]
  3883 | D:6      | Gained mutation: Armour fits poorly on your large
                  | pseudopods. [Jiyva's grace]
  3883 | D:6      | Gained mutation: Armour fits poorly on your massive
                  | pseudopods. [Jiyva's grace]
  3883 | D:6      | Gained mutation: Your skin changes colour to match your
                  | surroundings (Stealth+). [Jiyva's grace]
  3883 | D:6      | Gained mutation: Your skin blends seamlessly with your
                  | surroundings (Stealth++). [Jiyva's grace]
  4010 | D:6      | Reached ***** piety under Jiyva
  4265 | D:6      | Found Meun's Self-Improvement Boutique.
  4725 | D:6      | Found a blossoming altar of Fedhas.
  4744 | D:6      | Noticed an oklob plant
  4766 | D:6      | Killed an oklob plant
  4858 | D:7      | Reached skill level 5 in Invocations
  4919 | D:7      | Identified the +6 war axe "Etin Pox" {elec, Int+3}
  5174 | D:7      | Found a staircase to the Ecumenical Temple.
  5344 | D:8      | Reached XP level 10. HP: 79/80 MP: 17/17
  5437 | D:8      | Lost mutation: You are dopey. (Int -2) [Jiyva's grace]
  5437 | D:8      | Lost mutation: Your movements are slightly less encumbered
                  | by armour. (ER -2) [Jiyva's grace]
  5437 | D:8      | Gained mutation: You have acidic saliva. [Jiyva's grace]
  5437 | D:8      | Gained mutation: You are partially covered in iridescent
                  | scales. (AC +2) [Jiyva's grace]
  5437 | D:8      | Gained mutation: You are mostly covered in iridescent
                  | scales. (AC +4) [Jiyva's grace]
  5437 | D:8      | Gained mutation: You are completely covered in iridescent
                  | scales. (AC +6) [Jiyva's grace]
  5681 | D:8      | Found a staircase to the Lair.
  5690 | D:8      | Reached skill level 5 in Short Blades
  5690 | D:8      | Reached skill level 5 in Long Blades
  5690 | D:8      | Reached skill level 5 in Maces & Flails
  5690 | D:8      | Reached skill level 5 in Polearms
  5690 | D:8      | Reached skill level 5 in Staves
  5690 | D:8      | Reached skill level 5 in Slings
  5690 | D:8      | Reached skill level 5 in Bows
  5690 | D:8      | Reached skill level 5 in Crossbows
  5690 | D:8      | Reached skill level 5 in Throwing
  5690 | D:8      | Reached skill level 5 in Dodging
  5690 | D:8      | Reached skill level 5 in Stealth
  5690 | D:8      | Reached skill level 5 in Unarmed Combat
  5690 | D:8      | Reached skill level 5 in Spellcasting
  5690 | D:8      | Reached skill level 5 in Evocations
  6029 | D:9      | Noticed a death yak
  6039 | D:9      | Killed a death yak
  6041 | D:9      | Reached XP level 11. HP: 64/87 MP: 19/19
  6070 | D:9      | Reached skill level 5 in Conjurations
  6070 | D:9      | Reached skill level 5 in Hexes
  6070 | D:9      | Reached skill level 5 in Summonings
  6070 | D:9      | Reached skill level 5 in Necromancy
  6070 | D:9      | Reached skill level 5 in Translocations
  6070 | D:9      | Reached skill level 5 in Transmutations
  6070 | D:9      | Reached skill level 5 in Fire Magic
  6070 | D:9      | Reached skill level 5 in Ice Magic
  6070 | D:9      | Reached skill level 5 in Air Magic
  6070 | D:9      | Reached skill level 5 in Earth Magic
  6070 | D:9      | Reached skill level 5 in Poison Magic
  6146 | D:9      | Noticed a sun demon
  6173 | D:9      | Noticed Maurice
  6194 | D:9      | Killed Maurice
  6271 | D:9      | Reached ****** piety under Jiyva
  6286 | D:9      | Found Biwnad's Antique Armour Shoppe.
  6291 | D:9      | Found Mesaoro's Book Shoppe.
  6291 | D:9      | Found Soiz Mol's Antique Armour Shoppe.
  6295 | D:9      | Found Ciuwk's Weapon Shoppe.
  6377 | D:9      | Found a runed translucent gate.
  6377 | D:9      | Found a runed translucent gate.
  6377 | D:9      | Found a runed translucent gate.
  6378 | D:9      | Noticed wat's ghost (novice MiBe)
  6545 | D:10     | Entered Level 10 of the Dungeon
  6653 | D:10     | Found a staircase to the Orcish Mines.
  6757 | D:10     | Noticed a two-headed ogre
  6767 | D:10     | Killed a two-headed ogre
  6782 | D:10     | Noticed Harold
  6792 | D:10     | Killed Harold
  6833 | D:10     | Gained mutation: Your mind is acute. (Int +2) [Jiyva's
                  | grace]
  6833 | D:10     | Gained mutation: Your mind is very acute. (Int +4) [Jiyva's
                  | grace]
  6833 | D:10     | Gained mutation: Your melee attacks may engulf your foes in
                  | ooze. [Jiyva's grace]
  6833 | D:10     | Gained mutation: Your body has grown eyes which may confuse
                  | attackers. (Acc +3) [Jiyva's grace]
  7015 | D:10     | Found a bloodstained altar of Trog.
  7246 | D:11     | Noticed an eight-headed hydra
  7254 | D:11     | Killed an eight-headed hydra
  7508 | D:11     | Noticed a cyclops
  7519 | D:11     | Killed a cyclops
  7548 | D:11     | Noticed a seven-headed hydra
  7548 | D:11     | Noticed a red ugly thing
  7562 | D:11     | Killed a seven-headed hydra
  7563 | D:11     | Slain by a red ugly thing

Illustrated notes

Levels and vault maps discovered:
D:1:      dpeg_arrival_concentric_ovals, layout_rooms,
          hellmonk_ecumenical_altar_prayer_group
D:2:      minmay_alternating_diamond, layout_loops_ring, serial_bayou_ford_a,
          minmay_statues_item, uniq_robin, uniq_natasha, uniq_crazy_yiuf_cottage
D:3:      layout_loops_cross
D:4:      layout_basic, serial_co_window_serial, co_window_paths_a,
          co_window_corner_a, co_window_paths_a, co_window_of_opportunity_a,
          co_window_of_opportunity_a, co_window_broadway_b, co_window_2corner,
          co_window_2corner, co_window_of_opportunity_b, co_window_broadway_a,
          co_window_corner_b, co_window_paths_d, glass_columns_a,
          glass_columns_a, glass_columns_a
D:5:      layout_gridville, slow_altar_2, roderic_batcave, uniq_edmund,
          uniq_menkaure, uniq_duvessa, uniq_ijyb, uniq_pikel
D:6:      layout_layer_cave, tgw_fedhas, nicolae_shop_self_help
D:7:      layout_cave_pools, minmay_temple_entry_fiery
D:8:      layout_loops_ring, david_lair_shrubbed
D:9:      argonaut_augean_stables, layout_cave_pools,
          gammafunk_ghost_necromancy, minmay_shop_grid_forest,
          hangedman_abyss_or_decor_stagger, chequers_serial_rivers_micro_c,
          uniq_maurice
D:10:     layout_basic, trog_butcher_becter, minmay_orc_entry_guard_dogs,
          serial_bayou_pond_c, uniq_harold
D:11:     layout_basic, kennysheep_nondescript

Skill      XL: |  1  2  3  4  5  6  7  8  9 10 11 |
---------------+----------------------------------+-----
Short Blades   | 1 2 3 4 5 6 |  6.8
Long Blades    | 1 2 3 4 5 6 |  6.8
Maces & Flails | 1 2 3 4 5 6 |  6.8
Polearms       | 1 2 3 4 5 6 |  6.8
Staves         | 1 2 3 4 5 6 |  6.8
Slings         | 1 2 3 4 5 6 |  6.8
Bows           | 1 2 3 4 5 6 |  6.8
Crossbows      | 1 2 3 4 5 6 |  6.8
Throwing       | 1 2 3 4 5 6 |  6.8
Dodging        | 1 2 3 4 5 6 |  6.8
Stealth        | 1 2 3 4 5 6 |  6.8
Unarmed Combat | 1 2 3 4 5 6 |  6.8
Spellcasting   | 1 2 3 4 5 6 |  6.8
Invocations    | 1 2 3 4 5 6 7 |  7.4
Evocations     | 1 2 3 4 5 6 |  6.8
Conjurations   | 1 2 3 4 5 |  5.6
Hexes          | 1 2 3 4 5 |  5.6
Summonings     | 1 2 3 4 5 |  5.6
Necromancy     | 1 2 3 4 5 |  5.6
Translocations | 1 2 3 4 5 |  5.6
Transmutations | 1 2 3 4 5 |  5.6
Fire Magic     | 1 2 3 4 5 |  5.6
Ice Magic      | 1 2 3 4 5 |  5.6
Air Magic      | 1 2 3 4 5 |  5.6
Earth Magic    | 1 2 3 4 5 |  5.6
Poison Magic   | 1 2 3 4 5 |  5.6
Fighting       | 7 8 9 |  9.5
Axes           | 5 6 7 8 |  8.3
Armour         | 7 8 9 |  9.5
Shields        | 7 8 9 |  9.5

Action                   |  1- 3 |  4- 6 |  7- 9 | 10-12 || total
-------------------------+-------+-------+-------+-------++-------
Melee: War axe           |    29 |    40 |    20 |   188 ||   277
       Bite              |       |    10 |    30 |    28 ||    68
       Mace              |       |    61 |   186 |    11 ||   258
       Pseudopods        |       |     1 |    44 |    38 ||    83
       Headbutt          |       |       |     1 |       ||     1
       Unarmed           |       |       |     6 |       ||     6
Invok: Slimify           |       |       |     1 |       ||     1
  Use: Potion            |       |     1 |     2 |       ||     3
 Stab: Sleeping          |       |       |     1 |    12 ||    13
Armor: Scale mail        |    15 |    44 |    66 |    97 ||   222
Dodge: Dodged            |    11 |    52 |   117 |   144 ||   324
Block: Buckler           |     7 |    30 |    59 |    80 ||   176
